 Dungeon Crawl Stone Soup version 0.21-a0-582-g1b93aee (webtiles) character file.

4610 Lanoc the Merchant of Misery (level 10, -11/50 HPs)
             Began as a Deep Elf Necromancer on Dec 19, 2017.
             Was a Believer of Kikubaaqudgha.
             Mangled by a two-headed ogre
             ... wielding a cursed -1 giant club
              (25 damage)
             ... on level 9 of the Dungeon.
             The game lasted 01:02:21 (11573 turns).

Lanoc the Merchant of Misery (DENe)                Turns: 11573, Time: 01:02:22

Health: -11/50     AC:  4    Str:  5    XL:     10   Next: 19%
Magic:  12/26      EV: 19    Int: 24    God:    Kikubaaqudgha [**....]
Gold:   453        SH:  0    Dex: 17    Spells: 6/29 levels left

rFire    . . .     SeeInvis .   s - staff of wizardry
rCold    . . .     Gourm    .   (no shield)
rNeg     + . .     Faith    .   A - +2 robe {Archmagi}
rPois    .         Spirit   .   (no helmet)
rElec    .         Reflect  .   v - scarf {cloud immunity}
rCorr    .         Harm     .   (no gloves)
MR       +....                  (no boots)
Stlth    ++........             (no amulet)
HPRegen  0.16/turn              i - ring of positive energy
MPRegen  0.20/turn              o - +2 ring of dexterity

@: about to teleport
A: no striking features
a: Receive Corpses, Renounce Religion


You were on level 9 of the Dungeon.
You worshipped Kikubaaqudgha.
Kikubaaqudgha was pleased with you.
You were not hungry.

You visited 2 branches of the dungeon, and saw 10 of its levels.

You collected 453 gold pieces.

Inventory:

Hand Weapons
 C - a +3 dagger of electrocution
Armour
 d - a +0 buckler
 v - a scarf of cloud immunity (worn)
 A - a +2 robe of the Archmagi (worn)
Magical Staves
 s - an uncursed staff of wizardry (weapon)
Jewellery
 i - a ring of positive energy (left hand)
 o - a +2 ring of dexterity (right hand)
 p - an uncursed ring of poison resistance
 t - an uncursed ring of flight
Wands
 e - a wand of random effects (21)
 y - a wand of flame (7)
 B - a wand of disintegration (9)
Scrolls
 a - 3 scrolls of identify
 b - a scroll of enchant weapon
 g - 3 scrolls of enchant armour
 h - 3 scrolls of teleportation
 l - 2 scrolls of amnesia
 m - 4 scrolls of remove curse
 x - 3 scrolls of blinking
Potions
 f - a potion of ambrosia
 j - 3 potions of curing
 n - 2 potions of agility
 r - 2 potions of haste
 u - a potion of cancellation
 w - a potion of magic {unknown}
 z - a potion of berserk rage
Books
 q - a book of Minor Magic

   Spells                             Type                      Level
   a - Magic Dart                     Conjuration                  1
   b - Blink                          Translocation                2
   c - Call Imp                       Summoning                    2
   d - Slow                           Hexes                        2
   e - Conjure Flame                  Conjuration/Fire             3
   f - Mephitic Cloud                 Conjuration/Poison/Air       3
Comestibles
 c - 16 rations


   Skills:
 + Level 9.2 Dodging
 - Level 2.4 Stealth
 + Level 10.1 Spellcasting
 * Level 13.1 Necromancy


You had 6 spell levels left.
You knew the following spells:

 Your Spells              Type           Power        Failure   Level  Hunger
a - Pain                  Necr           ####         0%          1    None
b - Animate Skeleton      Necr           N/A          0%          1    None
c - Vampiric Draining     Necr           #######...   1%          3    None
d - Regeneration          Chrm/Necr      ######....   1%          3    None
e - Control Undead        Necr           #######...   1%          4    #......
f - Animate Dead          Necr           N/A          1%          4    #......
g - Corpse Rot            Necr           N/A          1%          2    None
h - Sublimation of Blood  Necr           #######...   1%          2    None
i - Mephitic Cloud        Conj/Pois/Air  ###.....     6%          3    None


Dungeon Overview and Level Annotations

Branches:
Dungeon (9/15)             Temple (1/1) D:4
   Lair: D:8-11         Orc: D:9-12

Altars:
Ashenzari
Cheibriados
Dithmenos
Elyvilon
Fedhas
Gozag
Hepliaklqana
Kikubaaqudgha
Makhleb
Nemelex Xobeh
Okawaru
Qazlal
Ru
Sif Muna
Trog
Uskayaw
Vehumet
Wu Jian
Xom
Yredelemnul
Zin
The Shining One


Message History

Confirm with . or Enter, or press ? or * to list all spells.
Aiming: Vampiric Draining
Press: ? - help, Shift-Dir - straight line, f/p - hippogriff
Aim: a hippogriff (almost dead)
You feel a surge of power!
You kill the hippogriff!
Kikubaaqudgha accepts your kill.
You feel life coursing into your body.
The centaur shoots an arrow.
The arrow hits you.
You see here an arrow.
As you read the scroll of teleportation, it crumbles to dust.
You feel strangely unstable.
The centaur shoots an arrow.
The arrow misses you.
The howler monkey hoots and howls with incredible vigour! x2
The centaur shoots an arrow.
The arrow hits you!
* * * LOW HITPOINT WARNING * * *
The two-headed ogre closely misses you.
The two-headed ogre hits you with a giant spiked club!!
Ouch! That really hurt!
You die...
Kikubaaqudgha rasps: "You have failed me!
Welcome... death!"

#)# #.# #.# #.# #
#.# #.# #.#
#.####.###.# .
#.##.c.....####.
#.##.#.....#...
#.##@#.....#.######
#.##O# ..$........##
#.##.# ###.%........
#.##h# #.h.h........
#†##h###h#..........
#.##h..#.#..........
#.##...#.#......#.##
#.##............# #
#.######.#.#......


You could see a two-headed ogre, a centaur and 3 howler monkeys.

Vanquished Creatures
  A two-headed ogre (D:8)
  A manticore (D:7)
  A hippogriff (D:9)
  Eustachio (D:5)
  Duvessa (D:5)
  3 ice beasts
  2 sky beasts
  5 orc warriors
  An eye of draining (D:9)
  2 phantoms
  2 ogres
  3 centaurs
  Blork the orc (D:5)
  4 bullfrogs
  Dowan (D:5)
  6 scorpions
  3 howler monkeys
  4 wights (D:8)
  A bullfrog zombie (D:8)
  4 hounds
  A jelly (D:7)
  5 orc priests
  Ijyb (D:5)
  An iguana (D:7)
  8 orc wizards
  5 worker ants
  A hound zombie (D:6)
  A worker ant zombie (D:5)
  A howler monkey skeleton (D:9)
  8 adders
  3 oozes
  2 adder skeletons
  2 worms
  A dart slug (D:3)
  10 leopard geckos
  27 orcs
  7 bats
  3 bat skeletons (D:3)
  A bat zombie (D:3)
  2 giant cockroaches
  10 hobgoblins
  3 jackals
  6 kobolds
  5 quokkas
  A ball python (D:1)
  4 frilled lizards
  2 goblins (D:1)
  A quokka zombie (D:8)
  8 rats
177 creatures vanquished.

Vanquished Creatures (collateral kills)
  A water moccasin (D:8)
  An ice beast (D:6)
  A wight (D:8)
  A vampire bat (D:3)
  An adder (D:8)
  A leopard gecko (D:7)
  3 orcs
  A bat skeleton (D:3)
  A bat zombie (D:3)
  2 giant cockroaches
  A goblin (D:2)
  2 jackals
  A kobold (D:1)
  A frilled lizard (D:3)
  A jackal zombie (D:8)
19 creatures vanquished.

Vanquished Creatures (others)
  An adder (D:8)
1 creature vanquished.

Grand Total: 197 creatures vanquished

Notes
Turn   | Place    | Note
-------+----------+-------------------------------------------
     0 | D:1      | Lanoc the Deep Elf Necromancer began the quest for the Orb.
     0 | D:1      | Reached XP level 1. HP: 10/10 MP: 6/6
    18 | D:1      | Learned a level 1 spell: Animate Skeleton
    56 | D:1      | Reached skill level 5 in Necromancy
   285 | D:1      | Reached XP level 2. HP: 9/15 MP: 1/8
   621 | D:1      | Reached XP level 3. HP: 7/19 MP: 2/10
   880 | D:1      | Learned a level 3 spell: Vampiric Draining
   884 | D:1      | Learned a level 3 spell: Regeneration
  1648 | D:2      | Found a glowing golden altar of the Shining One.
  1780 | D:2      | Reached XP level 4. HP: 17/24 MP: 8/11
  1784 | D:2      | Reached skill level 6 in Necromancy
  1999 | D:2      | Found a blossoming altar of Fedhas.
  2294 | D:2      | Found an iron altar of Okawaru.
  2712 | D:3      | Reached XP level 5. HP: 22/28 MP: 6/13
  2730 | D:3      | Learned a level 4 spell: Control Undead
  2856 | D:3      | Found an ancient bone altar of Kikubaaqudgha.
  2944 | D:3      | Became a worshipper of Kikubaaqudgha
  3099 | D:3      | Found a burning altar of Makhleb.
  3099 | D:3      | Noticed a green death
  3102 | D:3      | Noticed a hellwing
  3102 | D:3      | Noticed a hellwing
  3416 | D:4      | Reached skill level 7 in Necromancy
  3441 | D:4      | Reached XP level 6. HP: 21/32 MP: 9/15
  3567 | D:4      | Noticed an ice beast
  3582 | D:4      | HP: 1/32 [ice beast (7)]
  3583 | D:4      | Killed an ice beast
  3583 | D:4      | Reached skill level 5 in Spellcasting
  4167 | D:4      | Found a staircase to the Ecumenical Temple.
  4177 | Temple   | Entered the Ecumenical Temple
  4417 | D:4      | Found a shattered altar of Ashenzari.
  4688 | D:4      | Noticed a two-headed ogre
  4976 | D:5      | Entered Level 5 of the Dungeon
  4976 | D:5      | Noticed Blork the orc
  4987 | D:5      | Killed Blork the orc
  4987 | D:5      | Reached skill level 8 in Necromancy
  4987 | D:5      | Reached XP level 7. HP: 26/36 MP: 3/17
  5224 | D:5      | Learned a level 4 spell: Animate Dead
  5279 | D:5      | Reached skill level 5 in Dodging
  5437 | D:5      | Noticed Duvessa
  5437 | D:5      | Noticed Dowan
  5455 | D:5      | Killed Duvessa
  5576 | D:5      | HP: 1/36 [Dowan/wand of flame (8) (8)]
  5577 | D:5      | Killed Dowan
  5768 | D:5      | Noticed Eustachio
  5782 | D:5      | Found a white marble altar of Elyvilon.
  5958 | D:5      | Killed Eustachio
  5958 | D:5      | Reached skill level 9 in Necromancy
  6041 | D:5      | Found an opulent altar of Gozag.
  6092 | D:5      | Noticed Ijyb
  6101 | D:5      | Killed Ijyb
  6731 | D:6      | Found a glowing silver altar of Zin.
  6795 | D:6      | Reached XP level 8. HP: 39/41 MP: 16/19
  6874 | D:6      | Reached * piety under Kikubaaqudgha
  6874 | D:6      | Identified Kikubaaqudgha's Handbook of Unholy Secrets (Kikubaaqudgha gifted it to you on level 6 of the Dungeon)
  6874 | D:6      | Received a gift from Kikubaaqudgha
  7048 | D:6      | Reached skill level 10 in Necromancy
  7552 | D:6      | Learned a level 2 spell: Corpse Rot
  7555 | D:6      | Learned a level 2 spell: Sublimation of Blood
  7806 | D:7      | Noticed a manticore
  7818 | D:7      | Killed a manticore
  7818 | D:7      | Reached skill level 11 in Necromancy
  7818 | D:7      | Reached XP level 9. HP: 5/45 MP: 17/23
  8222 | D:7      | Found a stormy altar of Qazlal.
  8545 | D:8      | Reached ** piety under Kikubaaqudgha
  8786 | D:8      | Found a bloodstained altar of Trog.
  8865 | D:8      | Reached skill level 12 in Necromancy
  9207 | D:8      | Noticed a two-headed ogre
  9611 | D:8      | Found a radiant altar of Vehumet.
  9640 | D:8      | Killed a two-headed ogre
  9640 | D:8      | Reached XP level 10. HP: 31/50 MP: 7/25
  9902 | D:8      | Found a deep blue altar of Sif Muna.
 10025 | D:9      | Noticed a two-headed ogre
 10054 | D:9      | HP: 1/50 [two-headed ogre/giant club (22)]
 10387 | D:9      | Reached skill level 10 in Spellcasting
 10597 | D:9      | Reached skill level 13 in Necromancy
 10854 | D:9      | Noticed a two-headed ogre
 11435 | D:7      | Learned a level 3 spell: Mephitic Cloud
 11573 | D:9      | Mangled by a two-headed ogre

Vault maps used:
D:1:      elethiomel_arrival_infinity_welcomes_careful_drivers
D:2:      fedhas_altar_4, lemuel_coloured_pillars_altar, st_stairs_1,
          nicolae_tso_swordbearing_angel
D:3:      kennysheep_vampire_church, glass_columns_a, makhleb_altar_promises_db
D:4:      kennysheep_mini, temple_hall
D:5:      lemuel_crystal_altar, basic_altar, first_ration, uniq_duvessa,
          uniq_eustachio, uniq_ijyb, uniq_blork_the_orc
D:6:      zin_academy
D:7:      marbit_many_paths, serial_curves, eino_curves_03, eino_curves_03
D:8:      fiery_altar_vehumet, kennysheep_mini_moat, led_sif_book
D:9:      hiddenorc1_lemuel
Temple:   nicolae_temple_hex_pool

Skill      XL: |  1  2  3  4  5  6  7  8  9 10 |
---------------+-------------------------------+-----
Necromancy     | 5 6 7 8 9 11 12 13 | 13.1
Dodging        | 3 4 6 7 9 |  9.2
Spellcasting   | 4 5 6 8 9 10 | 10.1
Stealth        | |  2.4

Action                   |  1- 3 |  4- 6 |  7- 9 | 10-12 || total
-------------------------+-------+-------+-------+-------++-------
Melee: Unarmed           |     1 |       |       |       ||     1
       Dagger            |       |   122 |   199 |       ||   321
       Staff             |       |       |     7 |    59 ||    66
 Cast: Pain              |    77 |    96 |    66 |    37 ||   276
       Animate Skeleton  |    11 |    22 |    20 |     2 ||    55
       Control Undead    |       |     3 |    15 |     2 ||    20
       Vampiric Draining |       |     7 |    57 |    16 ||    80
       Animate Dead      |       |       |     3 |       ||     3
       Regeneration      |       |       |     2 |       ||     2
  Use: Scroll            |       |    10 |     9 |     1 ||    20
       Potion            |       |     1 |     3 |       ||     4
 Stab: Sleeping          |       |     2 |     6 |       ||     8
       Distracted        |       |     1 |     1 |       ||     2
  Eat: Chunk             |     1 |     5 |     9 |       ||    15
       Ration            |     1 |     1 |     2 |     2 ||     6
Armor: Robe              |     2 |    33 |    37 |     4 ||    76
Dodge: Dodged            |    13 |   142 |   230 |    53 ||   438

Table legend:
 A = Spawn XP
 B = Non-spawn XP
 C = Spawn XP percentage of total XP
 D = Spawn monster count
 E = Non-spawn monster count
 F = Spawn count percentage of total count
 G = Total turns spent on level
                    A         B        C        D         E        F      G
               +---------+---------+-------+---------+---------+-------+---------
         Total |       0 |    6587 |   0.0 |       0 |     190 |   0.0 | 11573
               +---------+---------+-------+---------+---------+-------+---------
           D:1 |       0 |      61 |   0.0 |       0 |      29 |   0.0 |  1223
           D:2 |       0 |      65 |   0.0 |       0 |      20 |   0.0 |  1186
           D:3 |       0 |     130 |   0.0 |       0 |      27 |   0.0 |   916
           D:4 |       0 |     402 |   0.0 |       0 |      17 |   0.0 |  1574
           D:5 |       0 |     688 |   0.0 |       0 |      11 |   0.0 |  1655
           D:6 |       0 |     763 |   0.0 |       0 |      13 |   0.0 |   922
           D:7 |       0 |    1535 |   0.0 |       0 |      26 |   0.0 |  1289
           D:8 |       0 |    2300 |   0.0 |       0 |      39 |   0.0 |  2019
           D:9 |       0 |     643 |   0.0 |       0 |       8 |   0.0 |   700
               +---------+---------+-------+---------+---------+-------+---------
